 Dungeon Crawl Stone Soup version 0.30.1-9-gdf580d7c3d (webtiles) character file.

Game seed: 10574360444418911465

389 lonewolfV2 the Trooper (level 7, -6/60 HPs)
             Began as a Human Fighter on Oct 22, 2023.
             Killed by divine providence
             ... invoked by an orc priest
              (11 damage)
             ... on level 4 of the Dungeon.
             The game lasted 00:06:21 (2906 turns).

lonewolfV2 the Trooper (Human Fighter)              Turns: 2906, Time: 00:06:22

Health: -6/60      AC:  9    Str: 18    XL:     7   Next: 7%
Magic:  7/7        EV:  7    Int:  9    God:
Gold:   243        SH:  8    Dex: 12    Spells: 6/6 levels left

rFire   . . .        m - +7 Throatcutter {drain, coup de grace}
rCold   + . .        c - +0 buckler
rNeg    + . .        j - +0 chain mail
rPois   .            (no helmet)
rElec   .            (no cloak)
rCorr   .            (no gloves)
SInv    .            (no boots)
Will    .....        (no amulet) Stlth
                     g - ring of positive energy
HPRegen 0.30/turn    o - ring of protection from cold
MPRegen 0.10/turn

%: no passive effects
@: hasted, very quick
A: large bone plates 1, robust 1
a: no special abilities


You were on level 4 of the Dungeon.
You visited 1 branch of the dungeon, and saw 4 of its levels.

You collected 243 gold pieces.

Inventory:

Hand Weapons
 a - a +0 war axe
 m - the +7 Throatcutter (weapon) {drain, coup de grace}
   (You took it off a goblin on level 2 of the Dungeon)
Armour
 b - a +0 scale mail
 c - a +0 buckler (worn)
 j - a +0 chain mail (worn)
Jewellery
 g - a ring of positive energy (left hand)
 h - a +6 ring of intelligence
 o - a ring of protection from cold (right hand)
Wands
 r - a wand of flame (14)
Scrolls
 f - a scroll of teleportation
Potions
 d - 3 potions of might
 k - 2 potions of cancellation
 n - a potion of heal wounds {unknown}
 p - 2 potions of lignification


   Skills:
 + Level 4.9 Fighting
 * Level 4.3 Long Blades
 - Level 2.0 Axes
 - Level 3.6 Armour
 - Level 3.6 Shields


You had 6 spell levels left.
You didn't know any spells.
Your spell library contained the following spells:

 Spells                   Type           Power      Damage    Failure   Level
 Magic Dart               Conj           0%         1d3       99%         1
 Sandblast                Erth           0%         2d4       99%         1
 Passwall                 Tmut/Erth      0%         N/A       100%        2
 Searing Ray              Conj           0%         2d4       100%        2
 Stone Arrow              Conj/Erth      0%         3d7       100%        3
 Tukima's Dance           Hex            0%         N/A       100%        3
 Fulminant Prism          Conj/Hex       0%         3d5       100%        4
 Passage of Golubria      Tloc           0%         N/A       100%        4
 Yara's Violent Unravell  Hex/Tmut       0%         3d3       100%        5


Dungeon Overview and Level Annotations

Branches:
Dungeon (4/15)
 Temple: D:4-7

Altars:


Innate Abilities, Weirdness & Mutations

You are partially covered in large bone plates. (SH +4)
You are robust. (+10% HP)


Message History

The ball python grabs you. The ball python constricts you.
You barely miss the ball python. The ball python bites you.
The ball python constricts you.
The ball python bites you but does no damage.
The ball python constricts you.
You slash the ball python!
You kill the ball python!
The sleepcap releases spores at you.
You slash the sleepcap!
The sleepcap is heavily damaged.
The sleepcap releases spores at you but does no damage.
You hit the sleepcap. You drain the sleepcap.
You behead the sleepcap!
You destroy the sleepcap!
You have reached level 7!
You slash the orc!
You kill the orc!
The orc priest calls down the wrath of Beogh upon you.
Beogh smites you!
* * * LOW HITPOINT WARNING * * *
The orc hits you but does no damage.
Items here: )) ††.
You hit the orc.
The orc is heavily wounded.
The orc hits you but does no damage. You block the orc's attack.
You hit the orc.
You kill the orc!
The orc priest mumbles some strange prayers to Beogh against you.
Beogh smites you!
* * * LOW HITPOINT WARNING * * *
You slash the orc!
You kill the orc!
It was a potion of haste.
You feel yourself speed up.
The kobold throws a poisoned dart.
The poisoned dart completely misses you.
It was a potion of mutation.
You feel extremely strange.
You feel robust.
Large bone plates grow over parts of your arms.
The orc priest calls down the wrath of Beogh upon you.
Beogh smites you!
You die...

.......K... .#.....?..
......o..
......o.###############
......K.†.............#
........#oo.....#####.#
........#K#####.# #.#
........#)# #.# #.#
....)...#@# #.# #.#
###+#####.#####.#####.#
#####.#####.#...........#
.....<...........>#######
###.#.###...#.##### #####
#.#.....###.# #...#
#.#..#### #.# #...#
#..))## #.# #.>.# #.....#
#.#


You could see an orc priest, an orc and a kobold.

Vanquished Creatures
  A water moccasin (D:4)
  A scorpion (D:4)
  A jelly (D:4)
  A sleepcap (D:4)
  An iguana (D:4)
  5 adders
  3 dart slugs
  7 orcs
  3 bats
  6 endoplasms
  12 goblins
  5 hobgoblins
  4 jackals (D:1)
  8 kobolds
  5 quokkas
  11 ball pythons
  5 frilled lizards
  4 rats
83 creatures vanquished.

Notes
Turn   | Place    | Note
-------+----------+-------------------------------------------
     0 | D:1      | lonewolfV2 the Human Fighter began the quest for the Orb.
     0 | D:1      | Reached XP level 1. HP: 18/18 MP: 1/1
   105 | D:1      | Reached XP level 2. HP: 24/24 MP: 2/2
   184 | D:1      | Reached XP level 3. HP: 29/29 MP: 3/3
   622 | D:1      | Found a faded altar of an unknown god.
   872 | D:2      | Reached XP level 4. HP: 33/35 MP: 4/4
  2027 | D:3      | Reached skill level 1 in Long Blades
  2211 | D:3      | Reached XP level 5. HP: 36/42 MP: 5/5
  2594 | D:4      | Noticed a water moccasin
  2607 | D:4      | Killed a water moccasin
  2608 | D:4      | Reached XP level 6. HP: 39/49 MP: 6/6
  2900 | D:4      | Reached XP level 7. HP: 27/55 MP: 7/7
  2906 | D:4      | Gained mutation: You are robust. (+10% HP) [potion of
                  | mutation]
  2906 | D:4      | Gained mutation: You are partially covered in large bone
                  | plates. (SH +4) [potion of mutation]
  2906 | D:4      | Killed from afar by an orc priest

Illustrated notes

Levels and vault maps discovered:
D:1:      lemuel_arrival_room, layout_basic, basic_ecumenical_altar,
          serial_glass, glass_columns_b, glass_columns_a, glass_columns_a,
          glass_columns_c, glass_columns_b, glass_columns_b, glass_columns_a,
          glass_columns_b, minivault_19, minmay_pentomino_s4
D:2:      layout_basic, minmay_misc_feat_tiny
D:3:      layout_basic, grunt_ministairs_9, grunt_decor_mini_mirrors,
          grunt_decor_resistance
D:4:      layout_basic, gammafunk_temple_overflow_pools, glass_columns_a,
          grunt_ministairs_4, uniq_ijyb, uniq_natasha

Skill      XL: |  1  2  3  4  5  6 |
---------------+-------------------+-----
Long Blades    | 1 3 4 |  4.3
Fighting       | 4 |  4.9
Axes           | |  2.0
Armour         | |  3.6
Shields        | |  3.6

Action                     |  1- 3 |  4- 6 |  7- 9 || total
---------------------------+-------+-------+-------++-------
  Melee: War axe           |    66 |    15 |       ||    81
         Long sword        |       |    95 |     4 ||    99
    Use: Scroll            |     4 |     4 |       ||     8
         Potion            |       |       |     2 ||     2
 Armour: Scale mail        |    32 |       |       ||    32
         Chain mail        |    13 |    63 |     2 ||    78
  Dodge: Dodged            |    40 |    42 |     1 ||    83
  Block: Buckler           |    24 |    29 |     1 ||    54
